AoeStats
← Fenix

Arabia

510364205Analyzed
1v1 RM · 2d ago on Sep 30, 2026· 45m 57s· 2 players
Game mode
Random Map
Map size
Tiny (2 player)
Population
200
Speed
Normal
Resources
Standard
Victory
Conquest
Starting age
Dark Age
Ending age
Imperial Age
RankedLock teamsTeams togetherTeam positionsShared explorationLock speedFull tech treeHidden civsTurbo modeCheats
Victory
Defeat
🇵🇪 Khmer · Peru
1449
+14
🇵🇹 Aztecs · Portugal
1402
-14
[youte_GG]Хабул хан
7:16 Loom
9:47 Feudal Age
9:51 Man-at-Arms
10:30 Double-Bit Axe
13:54 Fletching
20:58 Castle Age
19:00 Horse Collar
21:34 Bodkin Arrow
22:21 Bow Saw
21:59 Crossbowman
24:05 Gold Mining
25:56 Wheelbarrow
27:38 Sanctity
31:00 Hand Cart
31:52 Town Watch
32:04 Stone Mining
34:01 Heavy Plow
36:33 Imperial Age
34:12 Scale Mail Armor
34:43 Fervor
35:05 Treadmill Crane
36:54 Chain Mail Armor
37:45 Bracer
38:03 Block Printing
38:14 Illumination
38:55 Forging
40:13 Iron Casting
41:13 Plate Mail Armor
41:17 Atlatl
40:42 Elite Jaguar Warrior
42:18 Theocracy
42:17 Conscription
42:43 Crop Rotation
43:41 Blast Furnace
45:48 Garland Wars
Fenix
8:28 Feudal Age
8:13 Loom
9:05 Double-Bit Axe
14:43 Town Watch
16:56 Padded Archer Armor
21:54 Castle Age
20:43 Bloodlines
21:13 Fletching
22:05 Scale Barding Armor
23:48 Gold Mining
25:33 Bow Saw
26:34 Bodkin Arrow
26:55 Husbandry
27:15 Elite Skirmisher
29:33 Leather Archer Armor
30:47 Chain Barding Armor
31:40 Horse Collar
32:43 Devotion
33:13 Forging
38:35 Imperial Age
37:37 Iron Casting
39:57 Plate Barding Armor
38:47 Cavalier
40:38 Conscription
41:34 Light Cavalry
46:30 Chemistry
Connection lost

Rejoining the realm…

Still unreachable

The connection could not be restored.

Session expired

The server has moved on; the page needs a fresh start.